[Event "SixDays Budapest March IM C 2025"]
[Site "Budapest"]
[Date "2025.03.24"]
[Round "1.1"]
[White "Mou, Iris"]
[Black "Nemeth, Zoltan"]
[Result "0-1"]
[Annotator "TA"]
[ECO "C43"]
[WhiteElo "2209"]
[BlackElo "2188"]
[PlyCount "120"]
[EventDate "2025.03.23"]
[EventCountry "HUN"]
[SourceTitle "playchess.com"]
[Source "ChessBase"]
[SourceQuality "1"]
[TimeControl "5400+30"]

1. e4 e5 2. Nf3 Nf6 3. d4 Nxe4 4. Bd3 d5 5. Nxe5 Nd7 6. Nxd7 Bxd7 7. O-O Qh4 8. c4 O-O-O 9. c5 g5 10. Nd2 {[%emt 0:00:19] C43: Petroff Defence: 3 d4.} Nxd2 11. Bxd2 {[%emt 0:01:45] A sharp opening} Bg7 12. Bc3 $146 {[%emt 0:07:49] White is slightly better.} (12. Be3 Rdf8 13. Qd2 Kb8 14. g3 Qg4 15. Be2 Qe4 16. f3 Qg6 17. Bxg5 Bxd4+ 18. Qxd4 Qxg5 {½-½ Koehl,R-Eggertsdottir,B DESC VM2011 Rd.1 Gr.03 email (1)}) 12... Rhe8 (12... Bxd4 $2 13. g3 (13. c6 Bg4 $18) 13... Bxc3 14. gxh4 $18) 13. b4 Re6 (13... Bxd4 $2 14. g3 $18) 14. Qf3 Rh6 (14... Bxd4 $2 15. g3 Qh3 (15... Rf6 $2 16. Qe2 $18) 16. Bxd4 $18) 15. Qg3 Bxd4 16. Bxd4 Qxd4 17. Qxg5 Rh4 (17... Re6 $11 18. Bf5 h6) 18. h3 (18. c6 $1 $16 Bxc6 19. Bf5+ (19. g3 Qxd3 20. Qxh4 d4 $11) 19... Bd7 20. g3) 18... h6 $36 {[%emt 0:03:31][%mdl 2048] Black has good play.} 19. Qg3 Rh5 20. Rfc1 (20. Qe3 $15 Qxb4 21. Rfc1) 20... Rg5 $1 $17 (20... Qxb4 21. Rab1 Qa4 22. c6 Bxc6 23. Rxc6 bxc6 24. f4 $18) 21. Qf3 Rdg8 ({But not} 21... Qxb4 22. Rab1 Qh4 23. c6 Bxh3 (23... bxc6 24. Ba6#) (23... Bxc6 $2 {perishes.} 24. Rxc6 Qh5 25. Qxh5 $18) 24. cxb7+ Kb8 25. g3 $17) 22. Bf1 Rg3 {[%emt 0:23:53] Black has more active pieces.} (22... Qh4 $17 23. Rc3 d4 (23... Qxb4 24. Rac1 $17)) 23. Rd1 (23. Qd1 $11 Qxd1 24. Rxd1 Rxh3 25. Rxd5) 23... Rxf3 $15 24. Rxd4 Rxh3 ({Black should try} 24... c6 $15) 25. Rxd5 $11 Rh4 26. Rad1 (26. a3 $11) 26... Be6 $15 27. R5d4 Rxd4 28. Rxd4 Bxa2 {[%emt 0:00:12][%mdl 4096] Endgame KRB-KRB. Black is a pawn up.} 29. Rh4 Rg6 (29... Rd8 $17) 30. Bd3 $11 Rf6 31. b5 (31. f3 $11) 31... Bd5 $17 32. Ra4 {[%emt 0:01:44] [#]} Kb8 $1 33. Rg4 {[%emt 0:00:35][%cal Rg4g8] [#]} c6 $1 34. Rd4 Kc7 35. f4 b6 36. cxb6+ axb6 37. Kf2 Rd6 38. bxc6 {[%emt 0:00:46][%mdl 8192] Loses the game.} (38. Be2 $17) 38... Bxc6 $19 39. Rxd6 (39. Ke3 $142 Bxg2 40. Ra4) 39... Kxd6 $17 {[%emt 0:00:05] KB-KB. Black is a pawn up.} 40. g4 f6 41. Ke3 Bd7 42. Be2 Kd5 43. Bd1 b5 {[%emt 0:01:10] White must now prevent ...Kc5.} 44. Kd3 Bc6 45. Bb3+ Kc5 46. Bd1 b4 47. Bb3 Bd7 48. Bd1 Be6 49. Bf3 Bc4+ 50. Ke3 Bf7 (50... Bd5 $142 51. Be2 b3) 51. Be2 Bg6 52. f5 Bf7 {[%emt 0:00:12] ( -> ...b3)} 53. Bd3 Bb3 {[%emt 0:00:21] Black mates.} 54. Be2 Bc4 55. Bf3 b3 56. Be4 b2 57. Bb1 Bb3 58. Kd2 Kd4 59. Ke2 Kc3 60. Kf3 Kd2 {[%emt 0:00:41] Weighted Error Value: White=1.11/Black=0.36  Loses game:     	White=1     	---        Mistake:       	White=6     	Black=4      Inaccurate:     	White=2     	Black=1      OK:         	White=13    	Black=11     Best:        	White=2     	Black=4      Strong:       	---       	Black=3} 0-1

[Event "SixDays Budapest March IM C 2025"]
[Site "Budapest"]
[Date "2025.03.24"]
[Round "1.2"]
[White "Bashirov, Kemal"]
[Black "Georgiadis, Anastasios"]
[Result "1/2-1/2"]
[Annotator "TA"]
[ECO "E24"]
[WhiteElo "2336"]
[BlackElo "2229"]
[PlyCount "89"]
[EventDate "2025.03.23"]
[EventCountry "HUN"]
[SourceTitle "playchess.com"]
[Source "ChessBase"]
[SourceQuality "1"]
[TimeControl "5400+30"]

1. d4 Nf6 2. c4 e6 3. Nc3 Bb4 4. a3 Bxc3+ 5. bxc3 d6 6. f3 O-O 7. e4 c5 8. Bd3 Nc6 9. Ne2 e5 10. d5 Na5 11. Bg5 {[%emt 0:00:15] E24: Nimzo-Indian: Sämisch: Unusual Black 5th moves and 5...c5 sidelines.} h6 12. Be3 Nd7 $146 ({Predecessor:} 12... b6 13. Ng3 Re8 14. Kf2 Kh7 15. h4 g6 16. Qe2 Qd7 17. a4 Qe7 18. Qa2 Bd7 {1-0 Ding,L (2664)-Wang,Y (2714) Shenzhen Celebrity 1st rapid 2011 (2)}) 13. Ng3 {[%emt 0:05:12] The position is equal.} Re8 14. O-O Nf8 15. f4 exf4 16. Bxf4 {[%emt 0:00:02] [#]} Ng6 17. Qf3 Nxf4 18. Qxf4 f6 19. Nh5 Re5 20. Qh4 {[%emt 0:07:41] White is more active.} Qe7 (20... Rg5 $1 $11) 21. Rf2 Bd7 22. Raf1 {[%emt 0:06:58][%cal Rh5f6] Strongly threatening Nxf6+!.} Rf8 23. h3 {[%emt 0:01:22] [#]} (23. Nxf6+ $1 $14 Rxf6 24. Rxf6 gxf6 25. Rxf6) 23... Rg5 $1 $17 24. Nf4 Qe5 25. Ne2 Re8 26. Qf4 ({White should play} 26. Rf3 $15) 26... Qxf4 (26... Bxh3 $19 {White must now prevent ...b6.} 27. Qd2 b6) 27. Nxf4 $15 Rge5 28. Ng6 Rg5 29. Nf4 Rge5 ({Better is} 29... Rg3 $15) 30. Re2 (30. Ng6 $11) 30... Rc8 (30... Kf7 $15) 31. Ng6 $11 Ree8 32. Nh4 b6 33. Rfe1 Nb7 34. Nf5 Bxf5 35. exf5 Re5 36. Rxe5 dxe5 {[%emt 0:00:02][%mdl 4096] Endgame KRB-KRN} 37. a4 Kf8 38. Kf2 Re8 39. g4 Nd6 40. Ke3 Ke7 41. Ra1 Rb8 42. h4 Kd7 43. Rh1 Rh8 44. Rg1 Kc7 45. h5 {[%emt 0:03:08] Weighted Error Value: White=0.24 (precise) /Black=0.19 (very precise)   Mistake:       	White=3     	Black=4      Inaccurate:     	White=5     	Black=3      OK:         	White=15    	Black=13     Best:        	---       	Black=4      Strong:       	---       	Black=1} 1/2-1/2

[Event "SixDays Budapest March IM C 2025"]
[Site "Budapest"]
[Date "2025.03.24"]
[Round "1.3"]
[White "Arias Gaviria, Mario Alexis"]
[Black "Lau, Lut Yin Luke"]
[Result "1/2-1/2"]
[Annotator "TA"]
[ECO "D40"]
[WhiteElo "2284"]
[BlackElo "2240"]
[PlyCount "48"]
[EventDate "2025.03.23"]
[EventCountry "HUN"]
[SourceTitle "playchess.com"]
[Source "ChessBase"]
[SourceQuality "1"]
[TimeControl "5400+30"]

1. d4 Nf6 2. c4 e6 3. Nf3 d5 4. Nc3 c5 5. e3 a6 6. cxd5 exd5 7. g3 {[%emt 0:00:13] D40: Queen's Gambit Declined: Semi-Tarrasch with 5 e3.} Nc6 {[%emt 0:06:04] 7...c4 is the hot move.} 8. Bg2 c4 9. Ne5 Bb4 10. O-O O-O 11. Bd2 Re8 12. a3 {[%emt 0:19:18] [#] Strongly threatening Nxc6.} Bxc3 $146 (12... Ba5 13. b4 cxb3 14. Nxc6 bxc6 15. Qxb3 h5 16. Qc2 h4 17. Ne2 Bxd2 18. Qxd2 h3 {½-½ Andreikin,D (2729)-Pechac,J (2582) EU-Cup 39th Vrnjacka Banja 2024 (3.1)}) 13. Bxc3 Bf5 14. f3 Nd7 15. Nxc6 bxc6 16. Re1 Nf6 17. b3 cxb3 18. Qxb3 Qd7 19. g4 Bg6 20. Rac1 h5 21. h3 Re6 22. Bd2 Qd6 23. Re2 Rb8 24. Qc3 Rbe8 {[%emt 0:05:42] Not much happened in this game.   Weighted Error Value: White=0.06 (flawless) /Black=0.04 (flawless)   Inaccurate:     	White=2     	---        OK:         	White=6     	Black=11     Best:        	---       	Black=1} 1/2-1/2

[Event "SixDays Budapest March IM C 2025"]
[Site "Budapest"]
[Date "2025.03.24"]
[Round "1.4"]
[White "Balla, Tamas-Kristof"]
[Black "Sanjay Narayanan P S"]
[Result "1/2-1/2"]
[Annotator "TA"]
[ECO "A06"]
[WhiteElo "2320"]
[BlackElo "2169"]
[PlyCount "52"]
[EventDate "2025.03.23"]
[EventCountry "HUN"]
[SourceTitle "playchess.com"]
[Source "ChessBase"]
[SourceQuality "1"]
[TimeControl "5400+30"]

1. Nf3 d5 2. b3 c5 3. e3 Nc6 4. Bb2 Nf6 5. Bb5 Bd7 6. O-O e6 7. Bxc6 Bxc6 8. Ne5 Rc8 9. d3 Bd6 10. f4 O-O {[%emt 0:03:21] A03: Bird's Opening with 1...d5.} 11. Nxc6 Rxc6 12. Nd2 Qe7 13. e4 $146 {[%emt 0:02:56] [#] and e5 would now be decisive} (13. c4 e5 14. Qf3 d4 15. Rae1 Qc7 16. fxe5 Bxe5 17. exd4 Bxh2+ 18. Kh1 Bg3 19. Re3 {0-1 Durao,J (2116)-Kraidman,Y (2350) Wch Seniors 09th 1999 (7)}) 13... c4 14. Bxf6 ({But not} 14. dxc4 Nxe4 (14... dxe4 15. Bxf6 Qxf6 16. Nxe4 $16) 15. Nxe4 dxe4 $15) 14... Qxf6 15. bxc4 (15. e5 $5 Bc5+ $8 16. Kh1 $14) 15... Bxf4 {[%emt 0:04:42] Threatens to win with ...Qh6.} 16. cxd5 {[%emt 0:10:44] White is weak on the dark squares} exd5 17. exd5 Qd4+ 18. Kh1 Rh6 {[%emt 0:03:09][%csl Gf4][%cal Rh6h2] [#]} (18... Qxd5 $2 {loses.} 19. Rxf4 Rfc8 20. Re4 $18) 19. h3 Bxd2 20. Qxd2 Qxd5 21. Qe3 {[%emt 0:03:29] The position is equal.} b5 22. Rf4 Ra6 23. c4 bxc4 24. dxc4 Qe6 25. Qf2 Ra4 26. Rc1 f6 {[%emt 0:03:37] Weighted Error Value: White=0.05 (flawless) /Black=0.03 (flawless)   Inaccurate:     	White=1     	---        OK:         	White=5     	Black=6      Best:        	White=1     	Black=1} 1/2-1/2

[Event "SixDays Budapest March IM C 2025"]
[Site "Budapest"]
[Date "2025.03.24"]
[Round "1.5"]
[White "Szeberenyi, Adam"]
[Black "Steiners, Emils"]
[Result "1/2-1/2"]
[Annotator "TA"]
[ECO "D52"]
[WhiteElo "2294"]
[BlackElo "2165"]
[PlyCount "105"]
[EventDate "2025.03.23"]
[EventCountry "HUN"]
[SourceTitle "playchess.com"]
[Source "ChessBase"]
[SourceQuality "1"]
[TimeControl "5400+30"]

1. d4 d5 2. c4 e6 3. Nc3 Nf6 4. Nf3 c6 5. Bg5 Nbd7 6. e3 Qa5 7. Nd2 dxc4 8. Bxf6 Nxf6 9. Nxc4 Qc7 10. Rc1 Be7 {[%emt 0:05:51] 10...Bd6 is more advanced technology.} 11. g3 O-O {[%emt 0:06:17] D52: Queen's Gambit Declined: Cambridge Springs Variation.} 12. Bg2 Rd8 13. O-O Bd7 {[%emt 0:03:00] White has an edge.} 14. e4 b5 15. Ne3 Qb6 16. e5 Nd5 17. Ne4 Rac8 18. Qd2 Be8 19. Rfd1 f5 $146 (19... Nxe3 $11 20. Qxe3 c5) (19... Nxe3 20. Qxe3 c5 21. dxc5 Rxd1+ 22. Rxd1 Bxc5 23. Nxc5 Qxc5 24. Qxc5 Rxc5 25. Rd8 Kf8 {½-½ Loinjak,S (2511)-Oikamo,T (2502) W-ch32 q01 email 2012}) 20. Nc5 $16 Bxc5 21. Rxc5 Nxe3 22. fxe3 (22. Qxe3 Qxc5 23. dxc5 Rxd1+ 24. Bf1 Rcd8 $17) 22... Qxc5 23. dxc5 Rxd2 24. Rxd2 $14 {[%emt 0:00:03][%mdl 4096] Endgame KRB-KRB} Kf8 25. Rd6 Ke7 26. Kf1 Bd7 27. h4 Kd8 28. e4 {[%emt 0:07:41] [#]} g6 29. exf5 gxf5 30. Bf3 Ke7 31. Kf2 Rc7 32. Ke3 Rc8 33. b4 Rc7 34. Kf4 h6 35. g4 {[%emt 0:05:13] White is much more active.} fxg4 36. Kxg4 (36. Bxg4 $6 a5 $11) 36... Be8 37. Kf4 ({White should play} 37. Bh1 $16) 37... Bd7 (37... a5 $1 $14) 38. Kg4 Be8 39. Be4 Rc8 40. Kf4 (40. Bg2 $142) 40... Bd7 {[%emt 0:01:06] [#]} 41. Ke3 (41. Rd3 $1 $16) 41... Be8 (41... a5 $1 $11 {keeps the balance.}) 42. Kd4 Bd7 43. Kc3 Kd8 (43... h5 $16 {is a better defense.}) 44. Rd3 Kc7 45. Kd4 (45. Rg3 $16) 45... Rg8 $11 46. Ra3 Kb8 47. Rf3 {[%emt 0:03:38] Strongly threatening Rf7.} Rg4 $1 {[%emt 0:00:23] The position is equal.} 48. Rf8+ Kc7 49. Ra8 (49. h5 $5 Rh4 $8 50. Rh8 Rxh5 51. Ra8 $11) 49... Kb7 50. Rd8 Kc7 51. Ra8 Kb7 52. Rd8 Kc7 53. Ra8 {[%emt 0:00:09] Weighted Error Value: White=0.20 (precise) /Black=0.13 (very precise)   Mistake:       	White=4     	Black=4      Inaccurate:     	White=3     	Black=3      OK:         	White=17    	Black=21     Best:        	---       	Black=2      Strong:       	---       	Black=1} 1/2-1/2